 Dungeon Crawl Stone Soup version 0.26-a0-466-g989023bd0d (webtiles) character file.

Game seed: 5277400391575220532

40 Apogee the Cudgeler (level 3, -3/23 HPs)
             Began as a Gargoyle Gladiator on July 30, 2020.
             Slain by a gnoll
             ... wielding a +0 flail
              (9 damage)
             ... on level 2 of the Dungeon.
             The game lasted 00:01:12 (1203 turns).

Apogee the Cudgeler (Gargoyle Gladiator)            Turns: 1203, Time: 00:01:12

Health: -3/23      AC:  9    Str: 18    XL:     3   Next: 50%
Magic:  3/3        EV: 11    Int:  8    God:
Gold:   25         SH:  0    Dex: 11    Spells: 2/2 levels left

rFire    . . .     SeeInvis .   a - +0 flail
rCold    . . .     Faith    .   (no shield)
rNeg     + . .     Spirit   .   i - +0 ring mail
rPois    ∞         Reflect  .   c - +0 helmet
rElec    +         Harm     .   (no cloak)
rCorr    .                      (no gloves)
MR       .....                  (no boots)
Stlth    +.........             (no amulet)
HPRegen  0.07/turn              (no ring)
MPRegen  0.08/turn              (no ring)

@: no status effects
A: negative energy resistance 1, electricity resistance, unbreathing,
petrification resistance, rot immunity, AC +3
a: no special abilities


You were on level 2 of the Dungeon.
You visited 1 branch of the dungeon, and saw 2 of its levels.

You collected 25 gold pieces.

Inventory:

Hand Weapons
 a - a +0 flail (weapon)
Missiles
 d - 3 throwing nets (quivered) {!f}
 h - 55 stones
Armour
 b - a +0 leather armour
 c - a +0 helmet (worn)
 i - a +0 ring mail (worn)
   (You found it on level 1 of the Dungeon)
Scrolls
 f - 2 scrolls of identify {unknown}
Potions
 e - 3 potions of curing {unknown}
 g - a potion of resistance {unknown}


   Skills:
 + Level 3.0 Fighting
 * Level 4.0 Maces & Flails
 - Level 1.7 Throwing
 - Level 2.4 Dodging


You had 2 spell levels left.
You didn't know any spells.
Your spell library was empty.

Dungeon Overview and Level Annotations

Branches:
Dungeon (2/15)

Altars:


Innate Abilities, Weirdness & Mutations

You are resistant to torment.
Your stone body is resilient. (AC +3)
You are immune to poison.
You resist negative energy. (rN+)
You are resistant to electric shocks. (rElec)
You can survive without breathing.
You are immune to petrification.
You are immune to rotting.


Message History

You closely miss the gnoll. The gnoll closely misses you.
The gnoll hits you with a +0 flail.
You closely miss the gnoll.
The gnoll hits you from afar with a +0 spear.
* * * LOW HITPOINT WARNING * * *
The gnoll barely misses you. The goblin completely misses you.
You miss the quokka. The goblin barely misses you.
The quokka bites you but does no damage.
You hit the quokka.
The quokka bites you but does no damage.
The gnoll hits you from afar with a +0 spear.
* * * LOW HITPOINT WARNING * * *
The goblin misses you. The quokka closely misses you.
The gnoll hits you but does no damage. The goblin barely misses you.
You miss the quokka. The quokka bites you.
* * * LOW HITPOINT WARNING * * *
The gnoll barely misses you. The goblin barely misses you.
You hit the quokka but do no damage.
The quokka bites you but does no damage.
The gnoll hits you but does no damage. The goblin barely misses you.
The quokka barely misses you.
Unknown command.
Your ring mail prevents you from hitting the quokka.
The gnoll hits you from afar with a +0 spear.
* * * LOW HITPOINT WARNING * * *
The goblin hits you but does no damage.
The quokka bites you but does no damage.
You closely miss the quokka. The gnoll hits you but does no damage.
The quokka bites you but does no damage.
The goblin hits you but does no damage.
Unknown command.
You sock the quokka!
You kill the quokka!
Your Fighting skill increases to level 3!
The gnoll hits you but does no damage. The goblin hits you but does no damage.
The gnoll hits you but does no damage. The goblin misses you.
The goblin closely misses you.
Found 7 gold pieces.
You see here a quokka corpse.
A gnoll comes into view. It is wielding a +0 flail.
The gnoll shouts!
Found a spear.
Found a scroll labeled YPPICU WUFIOL.
A worker ant comes into view.
The worker ant twitches its antennae in your direction.
The worker ant bites you.
* * * LOW HITPOINT WARNING * * *
The gnoll hits you with a +0 flail!
You die...

#.......)####
#.......?#
.##.##........#
........##.##.#
###.###.##.##.#
###g##.##.#
#######.......#.#
.......agg......#
.......@####.#.##
........##.†###.#
........<(g#.# ...
.>......####..####.
......... .$# #
......... ..#
######### ^## .# .#


You could see a worker ant, a gnoll and 2 goblins.

Vanquished Creatures
  A gnoll (D:1)
  2 dart slugs (D:1)
  3 bats (D:1)
  3 giant cockroaches (D:1)
  3 goblins (D:1)
  2 hobgoblins (D:1)
  2 quokkas (D:2)
  2 frilled lizards (D:1)
  5 kobolds (D:1)
  3 rats (D:1)
26 creatures vanquished.

Notes
Turn   | Place    | Note
-------+----------+-------------------------------------------
     0 | D:1      | Apogee the Gargoyle Gladiator began the quest for the Orb.
     0 | D:1      | Reached XP level 1. HP: 12/12 MP: 1/1
    38 | D:1      | Reached XP level 2. HP: 17/18 MP: 2/2
   665 | D:1      | Reached XP level 3. HP: 20/22 MP: 3/3
  1102 | D:1      | Reached skill level 4 in Maces & Flails
  1203 | D:2      | Slain by a gnoll

Illustrated notes

Levels and vault maps discovered:
D:1:      onia_arrival_pentagram, layout_basic, supply_closet_lemuel
D:2:      layout_loops_cross

Skill      XL: |  1  2  3 |
---------------+----------+-----
Maces & Flails | 4 |  4.0
Fighting       | 3 |  3.0
Throwing       | |  1.7
Dodging        | |  2.4

Action                   || total
-------------------------++-------
Melee: Flail             ||    83
 Stab: Sleeping          ||     1
Armor: Leather armour    ||    26
       Ring mail         ||    13
Dodge: Dodged            ||    59

Table legend: (Time is in decaauts)
 A = Elapsed time spent in this place.
 B = Non-inter-level travel time spent in this place.
 C = Inter-level travel time spent in this place.
 D = Time resting spent in this place.
 E = Time spent auto-exploring this place.
 F = Levels seen in this place.
 G = Mean time per level.
                   A        B        C        D        E       F      G
               +--------+--------+--------+--------+--------+-----+--------+
         Total |   1222 |   1163 |     59 |      0 |    925 |   2 |  611.0 |
       Dungeon |   1222 |   1163 |     59 |      0 |    925 |   2 |  611.0 |
               +--------+--------+--------+--------+--------+-----+--------+

Top non-repeatable levels by time:
     D:1: 1188 daAuts
     D:2: 33 daAuts
